Map: Triton LE

Players

MikeHawk - Winner!

  • Race: Terran Terran
  • League: Master
  • Spawn Location: 5:00

llllllllllll

  • Race: Terran Terran
  • League: Master
  • Spawn Location: 11:00

VOD

Have the link to the VOD?

Description

Time

  • Played on: Dec. 20, 2019, 1:19 p.m.
  • Length: 17:07
Show
View Real Time Build Order
Export as new Build Order

MikeHawk Terran - Winner!

Build Orders: Gas First Reaper Expand 

Get SALT Encoding   

  12  0:00  SCV  
  13  0:12  SCV  
  14  0:16  Supply Depot  
  14  0:25  SCV  
  15  0:30  Refinery  
  15  0:38  SCV  
  16  0:43  Barracks  
  16  0:50  SCV  
  17  1:02  SCV  
  18  1:14  SCV  
  19  1:30  Orbital Command, Reaper  
  20  1:47  Command Center  
  20  1:56  SCV  
  20  1:59  Factory  
  21  2:08  Barracks Reactor, SCV  
  22  2:16  Supply Depot  
  22  2:20  Refinery  
  22  2:21  SCV  
  23  2:38  SCV  
  23  2:43  Hellion  
  23  2:44  Marine x2  
  26  2:45  Starport  
  26  2:50  SCV  
  29  3:00  Orbital Command  
  29  3:02  SCV  
  29  3:03  Marine  
  29  3:05  Marine  
  32  3:14  SCV  
  32  3:17  Factory Tech Lab  
  33  3:21  Marine  
  33  3:23  Marine  
  33  3:26  SCV x2  
  37  3:32  Supply Depot  
  37  3:38  SCV  
  37  3:39  SCV, Marine  
  37  3:40  Raven  
  37  3:41  Factory Tech Lab, Marine  
  43  3:50  SCV  
  43  3:51  SCV  
  43  3:55  Supply Depot  
  45  4:00  Siege Tank  
  45  4:02  SCV, Marine x2  
  49  4:03  SCV  
  52  4:14  SCV  
  52  4:15  SCV  
  54  4:19  Command Center  
  54  4:26  SCV  
  54  4:27  SCV  
  54  4:29  Barracks  
  56  4:32  Barracks, Stimpack  
  56  4:38  SCV  
  56  4:39  SCV  
  56  4:41  Supply Depot  
  56  4:44  Siege Tank  
  61  4:45  Starport Reactor  
  61  4:51  SCV  
  62  4:53  Refinery  
  62  4:55  Refinery  
  62  5:03  SCV x2, Marine  
  62  5:06  Engineering Bay  
  65  5:07  Engineering Bay  
  65  5:15  SCV x2  
  65  5:16  Siege Tank  
  70  5:27  Starport Reactor  
  70  5:31  SCV x2, Marine x5  
  70  5:33  Supply Depot  
  77  5:36  Orbital Command  
  77  5:39  Terran Infantry Weapons Level 1  
  77  5:41  Terran Infantry Armor Level 1  
  77  5:52  SCV x2  
  77  5:53  Barracks x2  
  79  6:03  Orbital Command, Supply Depot  
  79  6:04  SCV x2  
  79  6:06  Marine x4  
  79  6:07  Marine  
  86  6:12  Combat Shield  
  86  6:14  Medivac x2  
  86  6:16  SCV x2  
  92  6:24  Supply Depot  
  92  6:25  Supply Depot  
  92  6:27  Marine x2  
  92  6:28  SCV, Marine  
  92  6:29  SCV  
  92  6:30  SCV, Marine  
  92  6:31  Marine  
  100  6:39  Barracks Reactor  
  100  6:42  Barracks Reactor, SCV  
  100  6:46  SCV x2  
  100  6:47  Supply Depot  
  103  6:48  Supply Depot  
  103  6:51  Supply Depot  
  103  6:52  Supply Depot  
  103  6:54  SCV  
  103  6:55  Armory  
  103  6:58  SCV x2, Cyclone  
  103  6:59  Medivac  
  103  7:00  Medivac  
  113  7:07  SCV, Refinery  
  114  7:09  Refinery  
  114  7:10  SCV x2, Marine x2  
  114  7:13  Marine  
  114  7:14  Marine x2  
  121  7:19  SCV  
  122  7:23  Marine x3  
  122  7:24  Marine  
  122  7:28  Marine x2  
  128  7:31  SCV x3, Marine x2  
  133  7:37  Siege Tank  
  133  7:38  Factory  
  133  7:41  Marine x3  
  133  7:43  Barracks Reactor  
  139  7:44  Marine  
  139  7:45  Terran Infantry Armor Level 2, Terran Infantry Weapons Level 2, Marine  
  141  7:56  Viking  
  141  7:57  Viking  
  145  8:01  Command Center  
  145  8:03  Terran Vehicle Weapons Level 1  
  145  8:09  Marine  
  145  8:10  Marine x3  
  149  8:16  Supply Depot x2  
  149  8:17  Supply Depot  
  149  8:18  Supply Depot, Marine  
  149  8:19  Marine  
  149  8:20  Marine x2  
  151  8:27  Siege Tank x2  
  157  8:37  Viking x2  
  157  8:38  SCV x3, Supply Depot  
  164  8:50  SCV x3  
  167  8:58  Refinery  
  167  8:59  Siege Tank x2  
  167  9:01  Marine x4, Refinery  
  167  9:02  SCV x2, Marine x6  
  184  9:07  Viking x2  
  189  9:12  Sensor Tower  
  189  9:13  Sensor Tower  
  184  9:20  Marine x2  
  184  9:29  Planetary Fortress  
  183  9:31  Siege Tank  
  183  9:32  Siege Tank  
  189  9:41  SCV x3  
  189  9:49  Viking x2, Command Center  
  189  9:51  Command Center  
  191  9:55  Marine x9  
  200  10:05  Terran Infantry Armor Level 3, Terran Infantry Weapons Level 3  
  200  10:08  Terran Ship Weapons Level 1  
  200  10:19  Command Center  
  199  10:26  Fusion Core, Starport  
  197  10:28  Starport  
  197  10:29  Armory  
  197  10:34  Missile Turret  
  197  10:37  Missile Turret  
  197  10:48  Viking  
  197  10:50  Viking  
  196  11:03  Orbital Command x2  
  196  11:04  Starport Reactor x2  
  196  11:08  Siege Tank  
  200  11:11  Siege Tank  
  200  11:16  Command Center  
  200  11:24  Sensor Tower  
  200  11:27  Terran Vehicle And Ship Armor Level 1  
  200  11:28  Advanced Ballistics  
  200  11:30  Liberator x3  
  195  11:46  Command Center x2  
  200  11:58  Planetary Fortress  
  198  12:07  Liberator x3  
  198  12:11  Missile Turret  
  198  12:12  Missile Turret  
  198  12:13  Missile Turret  
  198  12:14  Missile Turret, Terran Ship Weapons Level 2  
  196  12:18  Missile Turret  
  196  12:19  Refinery  
  189  12:23  Refinery  
  198  12:35  Missile Turret  
  198  12:38  Missile Turret  
  198  12:39  Missile Turret  
  196  12:58  Orbital Command x2  
  196  12:59  Starport  
  196  13:00  Starport  
  192  13:07  Viking x4  
  200  13:15  Missile Turret  
  200  13:19  Sensor Tower  
  200  13:21  Planetary Fortress  
  200  13:22  Command Center  
  200  13:24  Neosteel Armor, Hi-Sec Auto Tracking  
  200  13:29  Terran Vehicle And Ship Armor Level 2  
  200  13:38  Starport Reactor  
  200  13:39  Starport Reactor  
  199  13:49  Command Center  
  196  14:15  Viking x2  
  196  14:16  Liberator  
  200  14:29  Marine x3  
  200  15:08  Liberator  
  200  15:23  Marine x2  
  200  15:24  Marine x3  
  199  15:37  Refinery  
  199  15:39  Missile Turret  
  199  15:40  Command Center  
  199  15:41  Refinery, Sensor Tower  
  199  15:42  Missile Turret  
  197  16:11  Viking  
  197  16:15  Planetary Fortress  
  197  16:18  Viking  
  200  16:24  Viking  
  196  16:25  Viking  
  198  16:36  Marine  
  198  16:37  Marine  
  198  16:39  Marine  
  200  16:42  Refinery  
  200  16:43  Refinery, Sensor Tower  
Show
View Real Time Build Order
Export as new Build Order

llllllllllll Terran 

Build Orders: Gas First Reaper Expand 

Get SALT Encoding   

  12  0:00  SCV  
  13  0:12  SCV  
  14  0:17  Supply Depot  
  14  0:26  Refinery  
  14  0:28  SCV  
  15  0:40  SCV  
  16  0:45  Barracks  
  16  0:52  SCV  
  17  1:04  SCV  
  18  1:16  SCV  
  19  1:34  Orbital Command, Reaper  
  20  1:49  Command Center  
  20  2:03  SCV  
  20  2:08  Factory  
  20  2:15  SCV  
  20  2:19  Barracks Reactor, Refinery  
  21  2:28  SCV, Supply Depot  
  22  2:40  SCV  
  23  2:52  Hellion  
  23  2:53  SCV, Starport  
  23  2:56  Marine x2  
  29  3:06  Orbital Command  
  29  3:07  SCV  
  29  3:14  Marine x2  
  29  3:19  Hellion  
  33  3:25  SCV  
  34  3:29  Starport Tech Lab  
  34  3:32  SCV  
  34  3:33  Marine  
  36  3:34  Marine  
  36  3:38  SCV  
  36  3:40  Factory Tech Lab  
  38  3:44  SCV  
  38  3:47  Raven  
  41  3:50  SCV  
  41  3:52  Marine  
  41  3:54  Supply Depot  
  43  3:58  SCV  
  43  4:00  Marine  
  45  4:11  SCV  
  45  4:16  SCV, Cyclone  
  50  4:23  SCV  
  51  4:26  Command Center  
  51  4:27  Supply Depot  
  51  4:38  Barracks  
  51  4:39  Stimpack  
  51  4:40  Starport Reactor  
  51  4:41  Barracks, Marine  
  51  4:43  SCV  
  53  4:46  SCV  
  53  4:52  Supply Depot  
  54  4:57  Siege Tank  
  54  4:59  Marine  
  58  5:02  Supply Depot  
  58  5:15  SCV x2  
  58  5:17  Refinery, Marine  
  58  5:18  Medivac x2  
  58  5:19  Refinery  
  65  5:27  SCV  
  66  5:29  Barracks Reactor, Marine x2  
  69  5:35  SCV  
  69  5:37  Marine  
  69  5:40  SCV  
  69  5:42  Orbital Command  
  71  5:45  Engineering Bay  
  71  5:46  Engineering Bay, Marine  
  71  5:47  SCV  
  71  5:49  Medivac  
  75  5:52  Marine  
  75  5:55  Siege Tank  
  79  5:58  SCV  
  79  5:59  SCV  
  79  6:03  Orbital Command  
  81  6:08  Marine x3  
  84  6:13  SCV  
  84  6:14  SCV, Marine x2  
  84  6:15  Terran Infantry Weapons Level 1  
  84  6:16  Terran Infantry Armor Level 1  
  88  6:23  Supply Depot  
  88  6:25  SCV, Marine  
  89  6:26  SCV, Supply Depot  
  89  6:28  Medivac  
  89  6:31  SCV  
  94  6:33  Marine x2  
  94  6:35  Marine  
  94  6:37  SCV  
  94  6:38  Combat Shield  
  98  6:42  Marine  
  98  6:44  SCV x2  
  101  6:49  SCV, Supply Depot  
  101  6:50  Supply Depot  
  101  6:51  Marine  
  103  6:58  Barracks  
  103  7:05  Barracks  
  103  7:06  Marine x2  
  103  7:07  Marine  
  106  7:08  Marine  
  106  7:09  Siege Tank, Marine  
  111  7:22  SCV x3  
  114  7:23  Medivac  
  114  7:24  Medivac, Marine x2  
  114  7:26  Refinery  
  114  7:28  Refinery  
  115  7:31  Marine x2  
  115  7:34  SCV  
  118  7:37  Marine  
  118  7:40  SCV  
  118  7:41  SCV  
  118  7:42  Marine x2  
  123  7:45  Factory  
  123  7:46  SCV  
  123  7:49  Armory, Barracks Reactor, Marine  
  125  7:51  Barracks Reactor, Supply Depot  
  125  7:53  SCV  
  125  7:56  SCV  
  127  7:58  SCV, Marine  
  127  8:05  SCV  
  129  8:07  Marine  
  129  8:08  Marine x2  
  129  8:09  SCV  
  133  8:13  SCV  
  134  8:22  Marine x2  
  134  8:23  Siege Tank, Medivac  
  141  8:31  Starport  
  141  8:32  Command Center  
  141  8:38  Terran Infantry Armor Level 2, Terran Infantry Weapons Level 2  
  141  8:39  Terran Vehicle Weapons Level 1  
  141  8:40  Medivac, Marine  
  141  8:41  Factory Tech Lab, SCV x2  
  146  8:43  SCV  
  147  8:53  SCV x2  
  147  8:55  SCV  
  149  9:08  Marine  
  149  9:19  Marine  
  149  9:28  Marine  
  149  9:30  Barracks, Marine  
  149  9:33  Barracks, Marine x5  
  149  9:34  Siege Tank x2, Medivac x2, Marine  
  149  9:35  Barracks  
  165  9:44  Marine  
  166  9:46  Marine  
  166  9:48  Starport Reactor, Marine  
  166  9:51  Marine x5  
  166  9:52  Marine  
  174  9:54  Orbital Command  
  174  9:59  Supply Depot x3  
  174  10:01  Marine  
  174  10:04  Sensor Tower  
  174  10:06  Siege Tank  
  178  10:16  Sensor Tower  
  178  10:20  Siege Tank  
  181  10:25  Marine x2  
  180  10:29  Marine x2  
  182  10:39  Orbital Command  
  181  10:56  Barracks Reactor x2, Marine  
  181  10:57  Barracks Reactor, Viking  
  182  10:58  Viking x3  
  182  11:00  Terran Infantry Armor Level 3, Terran Infantry Weapons Level 3  
  190  11:05  Marine x6  
  195  11:24  Refinery  
  195  11:25  Refinery  
  194  11:27  Viking, Command Center  
  194  11:28  Command Center  
  193  11:46  Marine x2  
  194  11:47  Viking x2  
  198  12:00  Marine x4  
  200  12:07  Fusion Core  
  200  12:12  Command Center  
  200  12:15  Command Center  
  200  12:16  Command Center  
  200  12:21  Marine x2  
  193  12:23  Marine x2  
  193  12:24  Marine x2  
  197  12:33  Marine x3  
  199  13:04  Viking x2  
  199  13:05  Viking  
  199  13:07  Orbital Command x2  
  199  13:19  Advanced Ballistics  
  199  13:29  Starport  
  199  13:30  Starport  
  199  13:31  Starport x2  
  199  13:32  Orbital Command x3  
  199  13:38  Refinery, Sensor Tower  
  199  13:39  Sensor Tower  
  199  13:41  Terran Vehicle And Ship Armor Level 1  
  199  13:43  Armory  
  193  14:22  Marine x3  
  193  14:23  Viking x2  
  199  14:26  Starport Tech Lab  
  199  14:27  Starport Reactor, Starport Tech Lab x2  
  180  14:31  Liberator x2  
  180  14:32  Liberator  
  180  14:33  Orbital Command  
  173  14:40  Viking  
  173  14:41  Viking  
  172  14:53  Liberator, Viking x2  
  172  14:59  Siege Tank x2  
  181  15:11  Viking x3  
  181  15:23  Viking  
  181  15:27  Marine x2  
  181  15:28  Marine x10  
  147  15:29  Marine x3  
  147  15:31  Siege Tank x2, Viking x2  
  147  15:34  Orbital Command  
  155  15:45  Marine x2  
  155  15:48  Battlecruiser x2  
  169  16:01  Battlecruiser  
  169  16:03  Siege Tank  
  169  16:05  Siege Tank  
  169  16:09  Refinery  
  172  16:14  Refinery  
  172  16:19  Orbital Command  
  171  16:32  Viking x2  
  169  16:33  Viking  
  161  16:43  Marine x4  
  161  16:44  Marine x11  
Tags
 
Add a new tag
Caveats
  • Supply blocks, unpowered buildings, or Contaminate may cause inaccurate times.
  • Supply counts are checked every 10 seconds.